Map: Dusk Towers

Players

Yesteryear

  • Race: Zerg Zerg
  • League: Diamond

Ailee (Azure) - Winner!

  • Race: Terran Terran
  • League: Master

VOD

Have the link to the VOD?

Description

Time

  • Played on: Nov. 15, 2015, 4 a.m.
  • Length: 6:17
Show
View Real Time Build Order
Export as new Build Order

Yesteryear Zerg 

Build Orders: Hatch First 

Get SALT Encoding   

  12  0:01  Drone  
  13  0:13  Overlord  
  13  0:17  Drone  
  14  0:31  Drone x2  
  17  0:35  Drone  
  17  0:46  Drone  
  18  0:58  Drone  
  18  0:59  Hatchery  
  18  1:12  Spawning Pool  
  18  1:15  Drone  
  18  1:18  Extractor  
  17  1:20  Drone  
  18  1:30  Drone  
  19  1:40  Overlord  
  19  1:51  Drone  
  20  2:01  Zergling x2, Queen  
  23  2:11  Queen  
  23  2:12  Zergling x2  
  23  2:13  Drone  
  27  2:19  Metabolic Boost  
  28  2:22  Drone  
  28  2:23  Drone  
  29  2:33  Overlord  
  29  2:35  Drone  
  30  2:39  Queen  
  32  2:50  Queen  
  33  2:51  Drone  
  33  2:53  Drone  
  35  3:00  Drone x2  
  35  3:05  Zergling x4  
  38  3:24  Zergling x4  
  40  3:30  Queen  
  40  3:31  Drone x2  
  44  3:35  Overlord  
  44  3:36  Overlord  
  44  3:42  Extractor  
  44  3:45  Lair  
  43  3:51  Drone  
  43  3:55  Roach Warren, Drone x2  
  45  3:56  Drone  
  45  3:57  Drone x2  
  48  4:03  Evolution Chamber  
  48  4:05  Drone  
  48  4:09  Queen  
  50  4:14  Drone x2  
  50  4:28  Drone x2  
  50  4:31  Evolution Chamber  
  50  4:33  Baneling Nest  
  48  4:44  Nydus Network  
  48  4:45  Queen  
  49  4:46  Overlord  
  49  4:49  Drone x2  
  49  4:50  Drone x2  
  49  4:52  Extractor  
  52  4:54  Drone x3  
  55  5:00  Roach x2  
  59  5:09  Roach  
  59  5:12  Roach x2  
  59  5:14  Overseer  
  65  5:17  Roach  
  67  5:34  Overlord  
  71  5:58  Nydus Canal, Roach  
Show
View Real Time Build Order
Export as new Build Order

Ailee Terran - Winner!

Build Orders: Reaper Expand 

Get SALT Encoding   

  12  0:01  SCV  
  13  0:14  SCV  
  14  0:18  Supply Depot  
  14  0:26  SCV  
  15  0:40  SCV  
  16  0:43  Barracks  
  16  0:46  Refinery  
  16  0:52  SCV  
  17  1:04  SCV  
  18  1:16  SCV  
  19  1:30  Reaper, Orbital Command  
  20  1:40  Command Center  
  20  1:52  Supply Depot  
  20  1:56  SCV  
  21  2:02  Refinery  
  21  2:03  Reaper  
  22  2:08  SCV  
  23  2:21  SCV  
  24  2:30  Factory  
  24  2:33  SCV  
  25  2:45  SCV, Barracks Reactor  
  25  2:47  Barracks  
  25  2:48  Barracks  
  26  2:53  Orbital Command  
  26  3:05  SCV  
  27  3:17  SCV  
  28  3:29  SCV  
  28  3:30  SCV  
  30  3:35  Barracks Reactor  
  30  3:36  Barracks Tech Lab  
  30  3:37  Barracks Reactor  
  30  3:38  Hellion x2  
  30  3:41  SCV  
  35  3:42  SCV  
  35  3:46  Supply Depot  
  36  3:51  Starport  
  36  3:53  SCV  
  36  3:54  SCV  
  38  4:00  Hellion x2, Stimpack  
  38  4:01  Marine  
  43  4:05  SCV  
  43  4:07  SCV  
  45  4:14  Marine x3  
  48  4:17  SCV  
  48  4:19  SCV  
  48  4:30  SCV  
  48  4:31  SCV  
  50  4:35  Engineering Bay  
  50  4:36  Supply Depot  
  50  4:39  Medivac x2  
  50  4:45  Supply Depot  
  54  4:48  Factory Reactor  
  54  4:55  Supply Depot  
  54  4:57  SCV x2, Refinery, Marine x5  
  61  5:00  Supply Depot  
  61  5:10  SCV x2  
  61  5:12  Supply Depot  
  63  5:15  Marine x2  
  63  5:16  Barracks  
  63  5:19  Barracks  
  65  5:22  SCV  
  65  5:23  Supply Depot  
  65  5:25  Marine  
  65  5:26  Marine  
  68  5:29  SCV  
  68  5:30  Widow Mine  
  68  5:32  Widow Mine  
  68  5:35  Marine  
  74  5:36  Marine  
  74  5:38  SCV  
  76  5:42  Armory  
  76  5:43  SCV  
  76  5:47  Refinery  
  77  5:50  Marine  
  77  5:51  Supply Depot  
  77  5:52  Marine  
  77  5:54  Marine  
  80  5:58  Marine x2  
  83  6:09  Barracks Reactor  
  83  6:11  Barracks Reactor  
Tags
 
Add a new tag
Caveats
  • Supply blocks, unpowered buildings, or Contaminate may cause inaccurate times.
  • Supply counts are checked every 10 seconds.